 Dungeon Crawl Stone Soup version 0.21-a0-578-gc6e9d75 (webtiles) character file.

230 slep the Chopper (level 6, 0/46 HPs)
             Began as a Formicid Gladiator on Dec 19, 2017.
             Slain by a kobold zombie (3 damage)
             ... in an ossuary.
             The game lasted 00:08:43 (2292 turns).

slep the Chopper (Formicid Gladiator)               Turns: 2292, Time: 00:08:44

Health: 0/46       AC:  4    Str: 18    XL:     6   Next: 24%
Magic:  6/6        EV: 13    Int:  8    God:
Gold:   135        SH:  0    Dex: 14    Spells: 5/5 levels left

rFire    + . .     SeeInvis +   q - +1 hand axe (venom)
rCold    . . .     Gourm    .   (no shield)
rNeg     + . .     Faith    .   b - +0 leather armour
rPois    .         Spirit   .   (helmet unavailable)
rElec    .         Reflect  .   (no cloak)
rCorr    .         Harm     .   k - +0 pair of gloves
MR       .....                  (no boots)
Stlth    +.........             (no amulet)
HPRegen  0.15/turn              p - ring of protection from fire
MPRegen  0.10/turn              y - ring of positive energy

@: no status effects
A: permanent stasis, dig shafts and tunnels, four strong arms, antennae 3
a: Dig, Shaft Self


You were in an ossuary.
You were not hungry.

You visited 1 branch of the dungeon, and saw 4 of its levels.
You also visited: Ossuary.

You collected 135 gold pieces.

Inventory:

Hand Weapons
 a - a +0 war axe
 q - a +1 hand axe of venom (weapon)
Missiles
 c - 3 throwing nets (quivered)
 h - 8 tomahawks
Armour
 b - a +0 leather armour (worn)
 k - a +0 pair of gloves (worn)
Jewellery
 p - a ring of protection from fire (left hand)
 u - an uncursed ring of poison resistance
 y - a ring of positive energy (right hand)
Wands
 s - a wand of clouds (6)
 v - a wand of acid (8)
Scrolls
 g - 3 scrolls of amnesia {unknown}
 j - a scroll of identify {unknown}
 m - 2 scrolls of random uselessness {unknown}
 n - 4 scrolls of remove curse {unknown}
 o - a scroll of teleportation {unknown}
 r - a scroll of fog {unknown}
 w - 3 scrolls of immolation {unknown}
Potions
 e - 4 potions of curing {unknown}
 f - a potion of lignification {unknown}
 i - a potion of degeneration {unknown}
 l - a potion of heal wounds {unknown}
 t - a potion of flight {unknown}
 x - a potion of berserk rage {unknown}
Comestibles
 d - 7 rations
 z - a chunk of flesh


   Skills:
 + Level 2.9 Fighting
 + Level 5.0 Axes
 + Level 2.1 Throwing
 + Level 2.3 Armour
 + Level 3.5 Dodging
 + Level 0.4 Stealth


You had 5 spell levels left.
You didn't know any spells.

Dungeon Overview and Level Annotations

Branches:
Dungeon (4/15)
 Temple: D:4-7

Altars:
Cheibriados
Ru
Trog
Xom
The Shining One


Innate Abilities, Weirdness & Mutations

You cannot be hasted, slowed, berserked, paralysed or teleported.
You can dig through walls and to a lower floor.
Your four strong arms can wield two-handed weapons with a shield.
You have a pair of large antennae on your head. (SInv)


Message History

The adder zombie bites you.
* * * LOW HITPOINT WARNING * * *
You closely miss the adder zombie.
The adder zombie is almost destroyed.
The adder zombie misses you.
You hit the adder zombie.
You destroy the adder zombie!
The orc zombie hits you.
* * * LOW HITPOINT WARNING * * *
The kobold zombie barely misses you.
There is an open door here.
You hit the orc zombie.
The orc zombie is heavily damaged.
You hit the kobold zombie but do no damage.
The orc zombie misses you.
The kobold zombie hits you but does no damage.
You barely miss the orc zombie.
The orc zombie is heavily damaged.
You barely miss the kobold zombie. The kobold zombie hits you.
You die...

######### ###
#∩..#...#!!!?#
#.^.'.∩.#?$!!+
#...#...#!!!!#
#.^^##### ###
#..^# ###@#


#ZZZ# #.ZZ# #...# #...# #+### You could see an adder zombie, a hobgoblin zombie,
a kobold zombie, a big kobold zombie and an orc zombie.

Vanquished Creatures
  A hound (D:4)
  A bullfrog skeleton (D:4)
  Natasha (twice) (D:3)
  A mummy (D:4)
  3 adders
  An ooze (D:1)
  An adder zombie (Ossuary)
  2 worms (D:3)
  3 dart slugs (D:1)
  A leopard gecko (D:1)
  2 orcs (D:4)
  4 bats
  5 giant cockroaches
  5 goblins
  10 hobgoblins
  6 kobolds
  A quokka (D:2)
  4 frilled lizards
  2 gnoll zombies (Ossuary)
  A hobgoblin zombie (Ossuary)
  An orc zombie (Ossuary)
  6 rats
63 creatures vanquished.

Notes
Turn   | Place    | Note
-------+----------+-------------------------------------------
     0 | D:1      | slep the Formicid Gladiator began the quest for the Orb.
     0 | D:1      | Reached XP level 1. HP: 16/16 MP: 1/1
   168 | D:1      | Reached XP level 2. HP: 18/22 MP: 2/2
   278 | D:1      | Reached XP level 3. HP: 23/27 MP: 3/3
   447 | D:1      | Reached skill level 1 in Armour
   703 | D:2      | Reached XP level 4. HP: 21/34 MP: 4/4
  1156 | D:3      | Noticed Natasha
  1164 | D:3      | Killed Natasha
  1164 | D:3      | Reached skill level 4 in Axes
  1212 | D:3      | Found a glowing golden altar of the Shining One.
  1252 | D:3      | Reached XP level 5. HP: 25/39 MP: 5/5
  1284 | D:3      | Found a bloodstained altar of Trog.
  1360 | D:3      | Found a sacrificial altar of Ru.
  1378 | D:3      | Found a shimmering altar of Xom.
  1379 | D:3      | Found a snail-covered altar of Cheibriados.
  1555 | D:3      | Noticed Natasha
  1568 | D:3      | Killed Natasha
  2110 | D:4      | Found a sand-covered staircase.
  2195 | D:4      | Reached XP level 6. HP: 26/46 MP: 6/6
  2203 | D:4      | Reached skill level 5 in Axes
  2259 | Ossuary  | Entered an ossuary
  2292 | Ossuary  | Slain by a kobold zombie

Vault maps used:
D:1:      scummos_arrival_gate
D:2:      st_stairs_12
D:3:      lightli_temple_of_fire, nicolae_overflow_hidden_temple, first_ration,
          nicolae_tso_swordbearing_angel, uniq_natasha
D:4:      serial_forest, infiniplex_forest_lined_room_3,
          infiniplex_forest_lined_1, infiniplex_forest_lined_2,
          infiniplex_forest_lined_room_2, infiniplex_forest_clump_tiny,
          infiniplex_forest_end_2, infiniplex_forest_lined_4_way,
          nicolae_ossuary_entry_giza
Ossuary:  ossuary_tomb_2

Skill      XL: |  1  2  3  4  5  6 |
---------------+-------------------+-----
Dodging        | 3 |  3.5
Armour         | 1 2 |  2.3
Axes           | 4 5 |  5.0
Fighting       | |  2.9
Throwing       | |  2.1
Stealth        | |  0.4

Action                   |  1- 3 |  4- 6 || total
-------------------------+-------+-------++-------
Melee: War axe           |    89 |       ||    89
       Hand axe          |       |   113 ||   113
 Stab: Sleeping          |     1 |       ||     1
  Eat: Chunk             |       |     5 ||     5
Armor: Leather armour    |    33 |    23 ||    56
Dodge: Dodged            |    88 |    68 ||   156

Table legend:
 A = Spawn XP
 B = Non-spawn XP
 C = Spawn XP percentage of total XP
 D = Spawn monster count
 E = Non-spawn monster count
 F = Spawn count percentage of total count
 G = Total turns spent on level
                    A         B        C        D         E        F      G
               +---------+---------+-------+---------+---------+-------+---------
         Total |       0 |     329 |   0.0 |       0 |      63 |   0.0 |  2292
               +---------+---------+-------+---------+---------+-------+---------
           D:1 |       0 |      49 |   0.0 |       0 |      21 |   0.0 |   540
           D:2 |       0 |      23 |   0.0 |       0 |      14 |   0.0 |   424
           D:3 |       0 |     124 |   0.0 |       0 |      17 |   0.0 |  1126
           D:4 |       0 |     123 |   0.0 |       0 |       6 |   0.0 |   169
       Ossuary |       0 |      10 |   0.0 |       0 |       5 |   0.0 |    33
               +---------+---------+-------+---------+---------+-------+---------
